[ AOE2 MATCH · #505185614 ]
UnrankedAztecs vs Ethiopians
Player's team · WIN
[ REPLAY ANALYSIS · EXTRACTED FROM THE RECORDED GAME ]
Feudal
10:17
Castle
22:19
Imperial
36:48
| APM avg | 62.3 |
| APM peak | 100 |
| eAPM avg | 26.7 |
| Villagers / military | 154 / 158 |
Focus
⚔️ 43.1% · 🌾 56.9%
Militia ×73 · Skirmisher ×62 · Trebuchet (Packed) ×8 · Monk ×7 · Spearman ×4 · Archer ×3
Feudal
9:00
Castle
24:06
Imperial
39:55
| APM avg | 98.1 |
| APM peak | 131 |
| eAPM avg | 49.2 |
| Villagers / military | 172 / 157 |
Focus
⚔️ 48.6% · 🌾 51.4%
Skirmisher ×47 · Shotel Warrior ×46 · Archer ×41 · Trebuchet (Packed) ×8 · Mangonel ×5 · Scout Cavalry ×5
Match map
Initial resources + every placement click. Lines = walls · curves = elevation contours. ◆ gold · ⬟ stone · ● berries · ✦ relic · ◌ wall gap
Your base· ✓ Closed at 22:19 · 24t walls · 2 gate(s)
iamkaito's base· Open — 4t gap
Smoothed initial terrain · ◌ = detected wall gap · hover for details
Inputs per minute
— Feroker - - iamkaito
Build order — Feroker
First 150 of 493 actions detected
| 0:00 | Create | Villager (Male) |
| 0:01 | Build | House |
| 0:02 | Build | House |
| 0:04 | Create | Villager (Male) |
| 0:06 | Create | Villager (Male) |
| 0:07 | Create | Villager (Male) |
| 1:19 | Create | Villager (Male) |
| 2:03 | Create | Villager (Male) |
| 2:03 | Create | Villager (Male) |
| 2:08 | Build | Lumber Camp |
| 2:11 | Create | Villager (Male) |
| 2:51 | Create | Villager (Male) |
| 2:51 | Create | Villager (Male) |
| 3:04 | Create | Villager (Male) |
| 3:36 | Create | Villager (Male) |
| 3:36 | Create | Villager (Male) |
| 3:54 | Build | House |
| 3:59 | Create | Villager (Male) |
| 4:15 | Create | Villager (Male) |
| 4:39 | Build | Barracks |
| 4:50 | Create | Villager (Male) |
| 5:06 | Build | House |
| 5:17 | Create | Villager (Male) |
| 5:38 | Create | Militia |
| 5:39 | Create | Villager (Male) |
| 5:40 | Create | Militia |
| 6:08 | Create | Villager (Male) |
| 6:25 | Create | Militia |
| 6:31 | Create | Villager (Male) |
| 6:53 | Create | Villager (Male) |
| 6:56 | Build | Mill |
| 7:16 | Create | Villager (Male) |
| 7:34 | Research | Loom |
| 7:37 | Build | House |
| 8:07 | Research | Feudal Age |
| 8:33 | Build | Mill |
| 8:45 | Build | Mining Camp |
| 8:49 | Create | Militia |
| 9:06 | Create | Militia |
| 9:23 | Create | Villager (Male) |
| 9:56 | Build | Farm |
| 10:09 | Build | House |
| 10:11 | Build | Palisade Wall |
| 10:17 | Age | Feudal Age |
| 10:21 | Research | Man-at-Arms (upgrade) |
| 10:24 | Create | Villager (Male) |
| 10:26 | Create | Spearman |
| 10:36 | Build | Farm |
| 10:43 | Build | Archery Range |
| 10:58 | Research | Arson |
| 11:01 | Create | Villager (Male) |
| 11:05 | Research | Double-Bit Axe |
| 11:11 | Create | Spearman |
| 11:21 | Create | Villager (Male) |
| 11:33 | Create | Spearman |
| 11:36 | Create | Archer |
| 11:40 | Create | Villager (Male) |
| 11:42 | Build | House |
| 11:44 | Build | Palisade Wall |
| 11:51 | Create | Spearman |
| 12:18 | Create | Villager (Male) |
| 12:21 | Build | Palisade Gate |
| 12:40 | Create | Villager (Male) |
| 12:55 | Build | Farm |
| 12:56 | Create | Villager (Male) |
| 12:59 | Create | Skirmisher |
| 13:03 | Build | Farm |
| 13:12 | Create | Villager (Male) |
| 13:17 | Create | Skirmisher |
| 13:21 | Build | Farm |
| 13:23 | Create | Villager (Male) |
| 13:25 | Build | House |
| 13:27 | Build | Palisade Wall |
| 13:33 | Build | Palisade Gate |
| 13:35 | Build | House |
| 13:39 | Create | Archer |
| 13:46 | Build | House |
| 13:59 | Create | Villager (Male) |
| 14:10 | Build | Farm |
| 14:14 | Build | Farm |
| 14:18 | Build | Farm |
| 14:23 | Create | Archer |
| 14:25 | Create | Villager (Male) |
| 14:30 | Create | Skirmisher |
| 14:33 | Build | Farm |
| 14:46 | Create | Villager (Male) |
| 14:49 | Create | Skirmisher |
| 15:03 | Create | Skirmisher |
| 15:09 | Build | Blacksmith |
| 15:22 | Create | Villager (Male) |
| 15:27 | Build | Farm |
| 15:37 | Create | Skirmisher |
| 15:37 | Create | Villager (Male) |
| 15:39 | Build | Farm |
| 15:48 | Build | Farm |
| 16:00 | Create | Skirmisher |
| 16:06 | Research | Fletching |
| 16:06 | Research | Fletching |
| 16:13 | Create | Villager (Male) |
| 16:16 | Build | Farm |
| 16:23 | Build | Farm |
| 16:24 | Create | Villager (Male) |
| 16:31 | Build | Farm |
| 16:33 | Build | Farm |
| 16:38 | Build | House |
| 16:39 | Build | House |
| 16:41 | Build | House |
| 17:06 | Create | Skirmisher |
| 17:07 | Create | Villager (Male) |
| 17:13 | Build | Farm |
| 17:26 | Create | Skirmisher |
| 17:43 | Create | Villager (Male) |
| 18:03 | Build | Farm |
| 18:03 | Create | Villager (Male) |
| 18:04 | Create | Skirmisher |
| 18:29 | Create | Villager (Male) |
| 18:33 | Build | Market |
| 18:49 | Build | Farm |
| 19:40 | Research | Castle Age |
| 19:41 | Create | Skirmisher |
| 20:14 | Research | Padded Archer Armor |
| 20:14 | Create | Skirmisher |
| 20:17 | Build | House |
| 20:27 | Create | Skirmisher |
| 20:59 | Create | Skirmisher |
| 21:01 | Build | Farm |
| 21:02 | Research | Horse Collar |
| 21:03 | Research | Gold Mining |
| 21:07 | Build | Farm |
| 21:27 | Build | Farm |
| 21:30 | Create | Skirmisher |
| 21:45 | Create | Villager (Male) |
| 21:48 | Build | Farm |
| 22:08 | Create | Skirmisher |
| 22:19 | Age | Castle Age |
| 22:25 | Research | Crossbowman (upgrade) |
| 22:27 | Research | Elite Skirmisher (upgrade) |
| 22:27 | Research | Bodkin Arrow |
| 22:30 | Build | Farm |
| 22:39 | Build | Town Center |
| 22:42 | Create | Villager (Male) |
| 22:57 | Create | Skirmisher |
| 22:57 | Create | Villager (Male) |
| 23:22 | Create | Skirmisher |
| 23:22 | Create | Villager (Male) |
| 23:23 | Research | Bow Saw |
| 23:29 | Research | Town Watch |
| 23:38 | Create | Skirmisher |
| 23:39 | Create | Villager (Male) |
| 23:49 | Build | Farm |
Build order — iamkaito
First 150 of 477 actions detected
| 0:00 | Create | Villager (Male) |
| 0:02 | Build | House |
| 0:03 | Build | House |
| 0:27 | Create | Villager (Male) |
| 0:27 | Create | Villager (Male) |
| 0:27 | Create | Villager (Male) |
| 1:26 | Create | Villager (Male) |
| 1:57 | Build | Lumber Camp |
| 1:57 | Create | Villager (Male) |
| 2:15 | Create | Villager (Male) |
| 2:47 | Create | Villager (Male) |
| 3:05 | Create | Villager (Male) |
| 3:39 | Create | Villager (Male) |
| 3:39 | Create | Villager (Male) |
| 3:53 | Build | House |
| 3:59 | Create | Villager (Male) |
| 4:29 | Create | Villager (Male) |
| 4:30 | Create | Villager (Male) |
| 4:41 | Build | Mill |
| 4:48 | Build | Mill |
| 4:59 | Create | Villager (Male) |
| 5:53 | Create | Villager (Male) |
| 5:58 | Build | House |
| 6:11 | Research | Loom |
| 6:37 | Build | Palisade Wall |
| 6:50 | Research | Feudal Age |
| 6:50 | Research | Feudal Age |
| 7:17 | Build | Palisade Wall |
| 7:24 | Build | Palisade Wall |
| 7:53 | Build | Palisade Wall |
| 8:03 | Build | Palisade Wall |
| 8:18 | Create | Villager (Male) |
| 8:19 | Build | Barracks |
| 8:44 | Create | Villager (Male) |
| 9:00 | Age | Feudal Age |
| 9:02 | Create | Villager (Male) |
| 9:03 | Research | Horse Collar |
| 9:06 | Research | Double-Bit Axe |
| 9:08 | Build | Stable |
| 9:10 | Create | Villager (Male) |
| 9:20 | Create | Villager (Male) |
| 9:27 | Build | House |
| 9:29 | Build | Palisade Wall |
| 9:36 | Create | Villager (Male) |
| 9:49 | Create | Scout Cavalry |
| 9:54 | Build | House |
| 9:57 | Create | Villager (Male) |
| 10:12 | Create | Scout Cavalry |
| 10:22 | Build | Farm |
| 10:24 | Build | Farm |
| 10:28 | Build | Farm |
| 10:37 | Create | Villager (Male) |
| 10:58 | Create | Scout Cavalry |
| 10:59 | Create | Villager (Male) |
| 11:19 | Create | Villager (Male) |
| 11:21 | Create | Scout Cavalry |
| 11:34 | Build | Archery Range |
| 11:55 | Build | Mining Camp |
| 12:09 | Create | Archer |
| 12:27 | Create | Villager (Male) |
| 12:27 | Create | Villager (Male) |
| 12:39 | Create | Archer |
| 12:39 | Create | Archer |
| 12:41 | Build | Farm |
| 12:56 | Create | Archer |
| 12:56 | Create | Archer |
| 12:58 | Build | Farm |
| 13:08 | Build | Farm |
| 13:27 | Create | Villager (Male) |
| 13:27 | Create | Villager (Male) |
| 13:32 | Create | Archer |
| 13:37 | Build | Mill |
| 13:40 | Build | House |
| 13:49 | Build | House |
| 13:51 | Build | Farm |
| 13:56 | Create | Villager (Male) |
| 13:57 | Create | Villager (Male) |
| 14:02 | Build | House |
| 14:06 | Create | Archer |
| 14:06 | Create | Archer |
| 14:23 | Build | Farm |
| 14:23 | Build | Farm |
| 14:26 | Create | Villager (Male) |
| 14:32 | Create | Archer |
| 14:32 | Create | Archer |
| 14:39 | Build | Palisade Wall |
| 14:42 | Create | Villager (Male) |
| 14:58 | Build | Blacksmith |
| 15:04 | Create | Archer |
| 15:20 | Create | Archer |
| 15:22 | Create | Villager (Male) |
| 15:29 | Create | Villager (Male) |
| 15:32 | Build | Farm |
| 15:35 | Build | House |
| 15:48 | Research | Fletching |
| 15:49 | Create | Villager (Male) |
| 15:58 | Build | Lumber Camp |
| 16:05 | Create | Scout Cavalry |
| 16:25 | Create | Archer |
| 16:32 | Build | Outpost |
| 16:34 | Create | Villager (Male) |
| 16:38 | Build | House |
| 16:39 | Build | House |
| 16:44 | Create | Archer |
| 17:03 | Create | Archer |
| 17:07 | Create | Villager (Male) |
| 17:15 | Create | Villager (Male) |
| 17:20 | Build | Farm |
| 17:22 | Build | Farm |
| 17:35 | Create | Villager (Male) |
| 17:42 | Build | Farm |
| 17:43 | Create | Archer |
| 17:50 | Create | Villager (Male) |
| 17:54 | Build | Lumber Camp |
| 17:56 | Create | Villager (Male) |
| 18:02 | Build | Farm |
| 18:03 | Create | Villager (Male) |
| 18:06 | Create | Archer |
| 18:15 | Create | Villager (Male) |
| 18:31 | Build | Farm |
| 18:45 | Create | Villager (Male) |
| 18:49 | Build | Farm |
| 19:00 | Create | Archer |
| 19:02 | Create | Villager (Male) |
| 19:10 | Create | Villager (Male) |
| 19:13 | Build | Farm |
| 19:14 | Create | Villager (Male) |
| 19:16 | Build | Market |
| 19:17 | Create | Archer |
| 19:17 | Create | Archer |
| 19:33 | Create | Archer |
| 19:33 | Create | Archer |
| 19:48 | Build | Archery Range |
| 19:59 | Create | Villager (Male) |
| 20:09 | Build | Farm |
| 20:09 | Build | Farm |
| 20:24 | Create | Archer |
| 20:30 | Create | Villager (Male) |
| 20:31 | Create | Villager (Male) |
| 20:56 | Create | Villager (Male) |
| 20:58 | Build | Archery Range |
| 21:04 | Create | Archer |
| 21:04 | Create | Archer |
| 21:09 | Build | House |
| 21:15 | Build | House |
| 21:17 | Build | Mining Camp |
| 21:26 | Research | Castle Age |
| 21:30 | Create | Archer |
| 21:30 | Create | Archer |
| 21:37 | Build | House |
Match timeline
| 4:39 | Feroker · first_building Barracks |
| 6:37 | iamkaito · wall_segment Palisade Wall x4 |
| 7:17 | iamkaito · wall_segment Palisade Wall x10 |
| 7:24 | iamkaito · wall_segment Palisade Wall x1 |
| 7:53 | iamkaito · wall_segment Palisade Wall x1 |
| 8:03 | iamkaito · wall_segment Palisade Wall x3 |
| 8:19 | iamkaito · first_building Barracks |
| 9:00 | iamkaito · age_up feudal |
| 9:08 | iamkaito · first_building Stable |
| 9:29 | iamkaito · wall_segment Palisade Wall x7 |
| 10:11 | Feroker · wall_segment Palisade Wall x6 |
| 10:17 | Feroker · age_up feudal |
| 10:43 | Feroker · first_building Archery Range |
| 11:34 | iamkaito · first_building Archery Range |
| 11:44 | Feroker · wall_segment Palisade Wall x7 |
| 13:27 | Feroker · wall_segment Palisade Wall x11 |
| 14:39 | iamkaito · wall_segment Palisade Wall x11 |
| 22:19 | Feroker · age_up castle |
| 23:42 | iamkaito · wall_segment Palisade Wall x1 |
| 24:06 | iamkaito · age_up castle |
| 24:48 | iamkaito · first_building Siege Workshop |
| 24:59 | Feroker · first_building Monastery |
| 26:05 | Feroker · first_market_buy 100 wood |
| 28:06 | iamkaito · first_building Monastery |
| 31:48 | iamkaito · first_building Castle |
| 34:07 | iamkaito · first_market_buy 100 food |
| 36:15 | Feroker · first_building Castle |
| 36:23 | iamkaito · first_market_sell 100 wood |
| 36:48 | Feroker · age_up imperial |
| 39:55 | iamkaito · age_up imperial |
| 41:18 | Feroker · first_market_sell 100 food |
| 43:38 | iamkaito · resign |
[ AI ANALYSIS · 1 CREDIT ]
What really happened in this match?
Wolo.gg analyzes every decision: build order, eco, micro, common mistakes by bracket. Personalized analysis on WhatsApp or Discord in 30 seconds.
Civ guide
Aztecs
Perfil
Feroker